 Dungeon Crawl Stone Soup version 0.22.1-2-g9c5b331383 (webtiles) character file.

121 Morenatsu the Cudgeler (level 4, 0/35 HPs)
             Began as a Demonspawn Fighter on Dec 22, 2018.
             Succumbed to an adder's poison
             ... on level 2 of the Dungeon.
             The game lasted 00:02:50 (1249 turns).

Morenatsu the Cudgeler (Demonspawn Fighter)         Turns: 1249, Time: 00:02:50

Health: 0/35       AC:  8    Str: 17    XL:     4   Next: 77%
Magic:  4/4        EV:  6    Int: 10    God:
Gold:   57         SH:  8    Dex: 12    Spells: 3/3 levels left

rFire    . . .     SeeInvis .   a - +0 flail
rCold    . . .     Gourm    .   c - +0 shield
rNeg     . . .     Faith    .   b - +0 scale mail
rPois    .         Spirit   .   (no helmet)
rElec    .         Reflect  .   (no cloak)
rCorr    .         Harm     .   (no gloves)
MR       .....                  (no boots)
Stlth    ..........             (no amulet)
HPRegen  0.11/turn              (no ring)
MPRegen  0.09/turn              (no ring)

@: lethally poisoned (0 -> -12)
A: slimy green scales 1, demonic guardian 1, powered by pain 1
a: no special abilities


You were on level 2 of the Dungeon.
You were very hungry.

You visited 1 branch of the dungeon, and saw 2 of its levels.

You collected 57 gold pieces.

Inventory:

Hand Weapons
 a - a +0 flail (weapon)
Armour
 b - a +0 scale mail (worn)
 c - a +0 shield (worn)
Scrolls
 e - a scroll of fog {unknown}
 g - 3 scrolls of identify {unknown}
 h - a scroll of enchant armour {unknown}
 k - a scroll of teleportation {unknown}
Potions
 d - 2 potions of might
Comestibles
 f - a ration


   Skills:
 - Level 3.0 Fighting
 + Level 4.6 Maces & Flails
 - Level 2.6 Armour
 - Level 2.6 Shields


You had 3 spell levels left.
You didn't know any spells.
Your spell library was empty.

Dungeon Overview and Level Annotations

Branches:
Dungeon (2/15)

Altars:


Innate Abilities, Weirdness & Mutations

You are partially covered in slimy green scales. (AC +2)
A weak demonic guardian rushes to your aid.
You sometimes gain a little power by taking damage.


Message History

You block the adder's attack.
Your white imp hits the adder but does no damage.
The adder bites you.
* * * LOW HITPOINT WARNING * * *
You are more poisoned.
The adder poisons you!
Okay, then.
You hit the adder.
You kill the adder!
* * * LOW HITPOINT WARNING * * *
You feel sick.
Your white imp hits the gnoll but does no damage.
You hit the gnoll but do no damage.
* * * LOW HITPOINT WARNING * * *
You feel sick. The gnoll hits you but does no damage.
Your white imp closely misses the gnoll.
The gnoll hits you with a flail.
* * * LOW HITPOINT WARNING * * *
You hit the gnoll but do no damage.
You die...

..#<# #.# #..# ...# #.#
#..# .)# #.# #..# #†#
#.# #..#######
#.###.###.........
#######.†.......#######<
......[%5.......## #.
#######g###..###.## #.
##@# #.## ##.#####.
..<.....# #.# #.......
#.#####.# #.## ##.######
##.####.###.## # #
##...###....## #
#..##..(.)##.#.## #
#......♣..)..#.#########
#..###...###...........
# #...# #.##########


You could see a gnoll and a friendly white imp.

Vanquished Creatures
  3 adders (D:2)
  A dart slug (D:1)
  2 leopard geckos (D:1)
  A giant cockroach (D:1)
  7 hobgoblins
  2 kobolds
  4 bats
  3 frilled lizards (D:1)
  A goblin (D:1)
  6 rats
30 creatures vanquished.

Vanquished Creatures (collateral kills)
  Natasha (thrice) (D:2)
  Terence (D:2)
  An adder (D:2)
  A ball python (D:2)
  A bat (D:2)
  A goblin (D:2)
8 creatures vanquished.

Grand Total: 38 creatures vanquished

Notes
Turn   | Place    | Note
-------+----------+-------------------------------------------
     0 | D:1      | Morenatsu the Demonspawn Fighter began the quest for the
                  | Orb.
     0 | D:1      | Reached XP level 1. HP: 18/18 MP: 1/1
    40 | D:1      | Reached skill level 2 in Maces & Flails
   299 | D:1      | Gained mutation: You are partially covered in slimy green
                  | scales. (AC +2) [demonic ancestry]
   299 | D:1      | Reached XP level 2. HP: 24/24 MP: 2/2
   605 | D:1      | Reached skill level 3 in Maces & Flails
   734 | D:2      | Gained mutation: A weak demonic guardian rushes to your
                  | aid. [demonic ancestry]
   734 | D:2      | Reached XP level 3. HP: 13/29 MP: 3/3
   996 | D:2      | Noticed Natasha
  1006 | D:2      | Killed Natasha
  1211 | D:2      | Noticed Natasha
  1216 | D:2      | Noticed Terence
  1216 | D:2      | Killed Natasha
  1216 | D:2      | Reached skill level 4 in Maces & Flails
  1216 | D:2      | Gained mutation: You sometimes gain a little power by
                  | taking damage. [demonic ancestry]
  1216 | D:2      | Reached XP level 4. HP: 35/35 MP: 4/4
  1219 | D:2      | Noticed Natasha
  1229 | D:2      | Killed Natasha
  1241 | D:2      | Killed Terence
  1249 | D:2      | Succumbed to an adder's poison

Skill      XL: |  1  2  3 |
---------------+----------+-----
Maces & Flails | 2 3 4 |  4.6
Fighting       | |  3.0
Armour         | |  2.6
Shields        | |  2.6

Action                   |  1- 3 |  4- 6 || total
-------------------------+-------+-------++-------
Melee: Flail             |    99 |    19 ||   118
  Use: Potion            |     2 |       ||     2
Armor: Scale mail        |    50 |    14 ||    64
Dodge: Dodged            |    27 |     9 ||    36
Block: Shield            |    49 |    13 ||    62
